 Dungeon Sprint DCSS version 0.30-a0-459-g9104f0fc43 (webtiles) character file.

Game seed: 104946884037203745

14873 BigDaddyOpFi the End of an Era (level 12, 0/121 HPs)
             Began as a Hill Orc Fighter on Dec 15, 2022.
             Was the Champion of Qazlal.
             Slain by a death cob (6 damage)
             ... in the Dungeon (Sprint VII: "The Pits").
             The game lasted 00:05:17 (2432 turns).

BigDaddyOpFi the End of an Era (Hill Orc Fighter)   Turns: 2432, Time: 00:05:18

Health: 0/121      AC: 28    Str: 27    XL:     12   Next: 21%
Magic:  16/27      EV:  7    Int: 11    God:    Qazlal [******]
Gold:   34         SH: 20    Dex: 10    Spells: 11/11 levels left

rFire   . . .      SeeInvis .    r - +1 broad axe (freeze)
rCold   . . .      Faith    .    d - +0 kite shield
rNeg    . . .      Spirit   .    n - +9 plate armour
rPois   .          Reflect  .    p - +0 helmet
rElec   .          Harm     .    (no cloak)
rCorr   .          Rampage  .    (no gloves)
Will    .....      NoTele   +    q - +0 pair of boots
Stlth   ..........               (no amulet)
HPRegen 0.40/turn                c - +3 ring of strength
MPRegen 0.20/turn                b - +3 ring of intelligence

@: slowed, repel missiles, very slow
A: no striking features
a: Renounce Religion, Upheaval, Elemental Force, Disaster Area


You were in the Dungeon.
You worshipped Qazlal.
Qazlal was exalted by your worship.
You visited 1 branch You collected 34 gold pieces.

Inventory:

Hand Weapons
 r - a +1 broad axe of freezing (weapon)
Armour
 a - the +3 hat of Pondering {ponderous, Will+ MP+10 Int+5}
   (You took it off Gastronok in the Dungeon)

   Int:       It affects your intelligence (+5).
   MP:        It affects your magic capacity (+10).
   Will:      It increases your willpower.
 d - a +0 kite shield (worn)
 n - a +9 plate armour (worn)
 p - a +0 helmet (worn)
 q - a +0 pair of boots (worn)
Jewellery
 b - a +3 ring of intelligence (right hand)
 c - a +3 ring of strength (left hand)
 t - a ring of positive energy
 x - a ring of willpower
Scrolls
 j - 4 scrolls of blinking
 l - 5 scrolls of amnesia
 m - a scroll of butterflies
 s - 3 scrolls of identify
 v - a scroll of fog
 w - a scroll of poison
 y - a scroll of fear
Potions
 e - 11 potions of curing
 f - 11 potions of heal wounds
 g - 2 potions of brilliance
 h - 4 potions of magic
 i - 4 potions of berserk rage
 k - 2 potions of invisibility
 o - 4 potions of might
 z - a potion of lignification
 A - a potion of haste


   Skills:
 + Level 15.5 Fighting
 + Level 16.4 Axes
 + Level 14.3 Armour
 + Level 14.3 Shields
 * Level 22.1 Invocations


You had 11 spell levels left.
You didn't know any spells.
Your spell library contained the following spells:

 Spells                   Type           Power      Damage    Failure   Level
 Ensorcelled Hibernation  Hex/Ice        0%         N/A       100%        2
 Vampiric Draining        Necr           0%         2d6       100%        3
 Dispel Undead            Necr           0%         3d6       100%        4
 Fulminant Prism          Conj/Hex       0%         3d5       100%        4
 Alistair's Intoxication  Tmut/Pois      0%         N/A       100%        5
 Silence                  Hex/Air        0%         N/A       100%        5
 Discord                  Hex            0%         N/A       100%        8


Dungeon Overview and Level Annotations

Branches:
Dungeon (1/1)

Altars:
Ashenzari
Cheibriados
Dithmenos
Elyvilon
Fedhas
Gozag
Hepliaklqana
Kikubaaqudgha
Makhleb
Nemelex Xobeh
Okawaru
Qazlal
Ru
Sif Muna
Trog
Uskayaw
Vehumet
Wu Jian
Xom
Yredelemnul
Zin
The Shining One
Beogh
Jiyva
Lugonu


Message History

You feel as though you will be slow longer.
The death cob hits you.
* * * LOW HITPOINT WARNING * * *
The death cob drains your vigour!
You feel as though you will be slow longer.
You block the death cob's attack.
You feel much better. The death cob closely misses you.
You block the death cob's attack. x2
The death cob hits you but does no damage.
You feel much better. You block the death cob's attack. The death cob hits you!
The death cob hits you but does no damage.
You block the death cob's attack.
You barely miss the death cob.
The death cob is heavily damaged.
You block the death cob's attack. x2; The death cob hits you.
You slash the death cob! You freeze the death cob.
The death cob is heavily damaged.
You block the death cob's attack. The death cob hits you!
The death cob hits you but does no damage.
Aiming: Upheaval
Press: ? - help, Dir - move target The ground shakes violently, spewing rubble!
You block the death cob's attack. The death cob hits you.
The death cob drains your vigour!
You feel as though you will be slow longer.
The death cob completely misses you. The death cob hits you.
The death cob drains your vigour!
You feel as though you will be slow longer.
Activating: Disaster Area (0% risk of failure)
Press: ? - help, Dir - look around, f - activate Nature churns violently around you!
The death cob hits you!!
* * * LOW HITPOINT WARNING * * *
You block the death cob's attack.
The death cob is struck by lightning.
The death cob hits you!
* * * LOW HITPOINT WARNING * * *
The death cob drains your vigour!
You feel as though you will be slow longer.
The death cob hits you.
You die...

########################
....)..).§§§.≈≈....§§...
..÷.[.....§≈≈≈°○@z§§....
#############++#########


You could see a death cob.

Vanquished Creatures
  Gastronok (D)
  An eidolon (D)
  A great orb of eyes (D)
  Sonja (D)
  A shadow wraith (D)
  A large abomination (D)
  A bog body (D)
  A deep troll (D)
  A lindwurm (D)
  2 orc knights (D)
  A manticore (D)
  Joseph (D)
  A black mamba (D)
  A molten gargoyle (D)
  A cane toad (D)
  An orange demon (D)
  A kobold demonologist (D)
  An unseen horror (D)
  A red devil (D)
  A guardian mummy (D)
  A troll (D)
  Prince Ribbit (D)
  5 dream sheep (D)
  A flying skull (D)
  A spriggan (D)
  A water elemental (D)
  Sigmund (D)
  Eustachio (D)
  A wyvern (D)
  8 yaks (D)
  A basilisk (D)
  2 vampire mosquitoes (D)
  A warg (D)
  An acid dragon (D)
  A water moccasin (D)
  4 orc warriors (D)
  Pargi (D)
  A centaur (D)
  A wolf (D)
  A bullfrog (D)
  A gnoll sergeant (D)
  A scorpion (D)
  8 wights (D)
  A crimson imp (D)
  2 quasits (D)
  An orc priest (D)
  3 orc wizards (D)
  5 gnolls (D)
  A river rat (D)
  An adder simulacrum (D)
  11 orcs (D)
  2 ball pythons (D)
  An endoplasm (D)
  2 goblins (D)
  A kobold (D)
  2 quokkas (D)
  A ball python zombie (D)
  2 bats (D)
  A giant cockroach zombie (D)
103 creatures vanquished.

Vanquished Creatures (others)
  A shadow wraith (D)
1 creature vanquished.

Grand Total: 104 creatures vanquished

Notes
Turn   | Place    | Note
-------+----------+-------------------------------------------
     0 | D        | BigDaddyOpFi the Hill Orc Fighter began the quest for the
                  | Orb.
     0 | D        | Reached XP level 1. HP: 19/19 MP: 1/1
    19 | D        | Found a bloodstained altar of Trog.
    19 | D        | Found a shimmering blue altar of Sif Muna.
    19 | D        | Found a viscous altar of Jiyva.
    19 | D        | Found a hazy altar of Hepliaklqana.
    19 | D        | Found an opulent altar of Gozag.
    20 | D        | Found a glowing golden altar of the Shining One.
    20 | D        | Found a glowing silver altar of Zin.
    20 | D        | Found a basalt altar of Yredelemnul.
    20 | D        | Found a shimmering altar of Xom.
    20 | D        | Found an ornate altar of the Wu Jian Council.
    20 | D        | Found a sacrificial altar of Ru.
    20 | D        | Found a stormy altar of Qazlal.
    20 | D        | Found an iron altar of Okawaru.
    20 | D        | Found a sparkling altar of Nemelex Xobeh.
    20 | D        | Found a burning altar of Makhleb.
    20 | D        | Found a blossoming altar of Fedhas.
    20 | D        | Found a white marble altar of Elyvilon.
    20 | D        | Found a shadowy altar of Dithmenos.
    20 | D        | Found a snail-covered altar of Cheibriados.
    21 | D        | Found a radiant altar of Vehumet.
    21 | D        | Found a corrupted altar of Lugonu.
    21 | D        | Found a roughly hewn altar of Beogh.
    22 | D        | Found a hide-covered altar of Uskayaw.
    22 | D        | Found an ancient bone altar of Kikubaaqudgha.
    22 | D        | Found a broken altar of Ashenzari.
    27 | D        | Became a worshipper of Qazlal Stormbringer
    77 | D        | Reached * piety under Qazlal
    78 | D        | Reached XP level 2. HP: 19/28 MP: 2/2
   133 | D        | Reached ** piety under Qazlal
   202 | D        | Noticed a bullfrog
   202 | D        | Noticed a gnoll sergeant
   215 | D        | Killed a bullfrog
   216 | D        | Reached skill level 5 in Fighting
   216 | D        | Reached skill level 5 in Axes
   216 | D        | Reached skill level 5 in Armour
   216 | D        | Reached skill level 5 in Shields
   216 | D        | Reached skill level 4 in Invocations
   216 | D        | Reached XP level 3. HP: 33/37 MP: 2/6
   216 | D        | Reached XP level 4. HP: 40/44 MP: 2/7
   216 | D        | Reached *** piety under Qazlal
   219 | D        | Reached skill level 5 in Invocations
   219 | D        | Noticed an orc warrior
   230 | D        | Killed a gnoll sergeant
   230 | D        | Reached **** piety under Qazlal
   231 | D        | Reached skill level 6 in Invocations
   231 | D        | Reached XP level 5. HP: 35/51 MP: 3/10
   234 | D        | Reached skill level 7 in Invocations
   235 | D        | Reached skill level 8 in Invocations
   235 | D        | Reached XP level 6. HP: 22/60 MP: 3/12
   239 | D        | Killed an orc warrior
   239 | D        | Reached ***** piety under Qazlal
   240 | D        | Reached skill level 9 in Invocations
   424 | D        | Noticed a red devil
   432 | D        | Killed a red devil
   433 | D        | Reached skill level 10 in Invocations
   433 | D        | Reached XP level 7. HP: 27/69 MP: 13/15
   568 | D        | Noticed Sigmund
   568 | D        | Noticed Prince Ribbit
   568 | D        | Noticed Pargi
   570 | D        | Killed Sigmund
   570 | D        | Killed Pargi
   571 | D        | Reached skill level 12 in Invocations
   571 | D        | Reached XP level 8. HP: 78/78 MP: 7/17
   594 | D        | Killed Prince Ribbit
   741 | D        | Reached skill level 10 in Axes
   758 | D        | Killed an unseen horror
   759 | D        | Reached skill level 10 in Fighting
   759 | D        | Reached skill level 13 in Invocations
   875 | D        | Noticed an orange demon
   880 | D        | Reached ****** piety under Qazlal
   888 | D        | Killed an orange demon
   889 | D        | Reached skill level 14 in Invocations
   889 | D        | Reached XP level 9. HP: 41/86 MP: 19/19
  1024 | D        | Noticed a guardian mummy
  1024 | D        | Noticed a deep troll
  1030 | D        | Killed a deep troll
  1031 | D        | Reached skill level 10 in Armour
  1031 | D        | Reached skill level 10 in Shields
  1031 | D        | Reached skill level 15 in Invocations
  1034 | D        | Killed a guardian mummy
  1039 | D        | Noticed a molten gargoyle
  1044 | D        | Killed a molten gargoyle
  1256 | D        | Killed a shadow wraith
  1257 | D        | Reached skill level 16 in Invocations
  1257 | D        | Reached XP level 10. HP: 97/97 MP: 20/22
  1270 | D        | Noticed Gastronok
  1283 | D        | Killed Gastronok
  1284 | D        | Reached skill level 17 in Invocations
  1287 | D        | Noticed a kobold demonologist
  1288 | D        | Noticed a smoke demon
  1292 | D        | Killed a kobold demonologist
  1294 | D        | Noticed Eustachio
  1305 | D        | Killed Eustachio
  1310 | D        | Noticed Sonja
  1310 | D        | Noticed a cane toad
  1310 | D        | Noticed a lindwurm
  1311 | D        | Noticed an orc knight
  1311 | D        | Noticed a large abomination
  1312 | D        | Killed Sonja
  1312 | D        | Killed an orc knight
  1312 | D        | Killed a lindwurm
  1313 | D        | Reached skill level 18 in Invocations
  1313 | D        | Reached XP level 11. HP: 95/107 MP: 14/24
  1314 | D        | Reached skill level 19 in Invocations
  1324 | D        | Killed a large abomination
  1498 | D        | Noticed a manticore
  1500 | D        | Noticed Joseph
  1501 | D        | Killed a manticore
  1502 | D        | Reached skill level 20 in Invocations
  1506 | D        | Killed Joseph
  1507 | D        | Reached skill level 15 in Axes
  1669 | D        | Got Ythrisoc's Spellbook of the Deathly Snake
  1685 | D        | Got the Papyrus of Interference
  1805 | D        | Killed a shadow wraith
  1815 | D        | Noticed an eidolon
  1817 | D        | Reached skill level 21 in Invocations
  1829 | D        | Reached skill level 15 in Fighting
  1835 | D        | Killed an eidolon
  1836 | D        | Reached XP level 12. HP: 34/119 MP: 26/26
  2404 | D        | Noticed a great orb of eyes
  2405 | D        | Noticed a death cob
  2416 | D        | Killed a great orb of eyes
  2417 | D        | Reached skill level 22 in Invocations
  2432 | D        | HP: 6/121 [death cob (15)]
  2432 | D        | Slain by a death cob

Illustrated notes

Levels and vault maps discovered:
D:        pitsprint [storerooms_1, entrance_room_1, metal_vault_6, armoury_1,
          mini_pit_1, grid_room_1, main_hall_1, silver_pit, the_coven_2,
          the_vestibule_1, steel_vault_2, golden_pit, hallway_of_sentries,
          crystal_vault_2, iron_vault_3, final_vault]

Skill      XL: |  1  2  3  4  5  6  7  8  9 10 11 12 |
---------------+-------------------------------------+-----
Fighting       | 4 5 6 7 8 9 10 11 13 15 | 15.5
Axes           | 4 5 6 7 8 9 11 12 14 16 | 16.4
Armour         | 4 5 6 7 8 9 10 12 13 14 | 14.3
Shields        | 4 5 6 7 8 9 11 12 13 14 | 14.3
Invocations    | 4 6 8 10 12 14 16 18 21 22 | 22.1

Action                   |  1- 3 |  4- 6 |  7- 9 | 10-12 || total
-------------------------+-------+-------+-------+-------++-------
Melee: War axe           |    24 |    41 |    13 |       ||    78
       Broad axe         |       |       |    28 |   111 ||   139
Invok: Disaster Area     |       |       |     1 |     5 ||     6
       Upheaval          |       |       |       |     1 ||     1
  Use: Potion            |     3 |     1 |       |     6 ||    10
       Scroll            |       |       |       |     7 ||     7
Armor: Scale mail        |    16 |       |       |       ||    16
       Plate armour      |     7 |    14 |    32 |    73 ||   126
Dodge: Dodged            |    10 |     7 |     7 |    19 ||    43
       Repelled          |       |       |       |     1 ||     1
Block: Buckler           |    17 |     8 |       |       ||    25
       Kite shield       |       |     6 |    50 |   136 ||   192

Table legend: (Time is in decaauts)
 A = Elapsed time spent in this place.
 B = Non-inter-level travel time spent in this place.
 C = Inter-level travel time spent in this place.
 D = Time resting spent in this place.
 E = Time spent auto-exploring this place.
 F = Levels seen in this place.
 G = Mean time per level.
                   A        B        C        D        E       F      G
               +--------+--------+--------+--------+--------+-----+--------+
         Total |   2453 |   2338 |    115 |   1562 |      0 |   1 | 2453.0 |
       Dungeon |   2453 |   2338 |    115 |   1562 |      0 |   1 | 2453.0 |
               +--------+--------+--------+--------+--------+-----+--------+

Top non-repeatable levels by time:
       D: 2453 daAuts
